Map: Ley Lines

Players

WeAreLegion - Winner!

  • Race: Terran Terran
  • League: Silver
  • Spawn Location: 1:00

Default

  • Race: Zerg Zerg
  • League: Silver
  • Spawn Location: 7:00

VOD

Have the link to the VOD?

Description

Time

  • Played on: Dec. 12, 2024, 10:10 p.m.
  • Length: 12:06
Show
View Real Time Build Order
Export as new Build Order

WeAreLegion Terran - Winner!

Build Orders: Liberator Opening, Reaper Expand 

Get SALT Encoding   

  12  0:00  SCV  
  13  0:12  SCV  
  14  0:17  Supply Depot  
  14  0:26  SCV  
  15  0:38  SCV  
  15  0:40  Barracks  
  16  0:44  Refinery  
  16  0:50  SCV  
  17  1:03  SCV  
  18  1:15  SCV  
  19  1:27  Orbital Command  
  19  1:28  Reaper  
  20  1:43  Command Center  
  19  1:51  Supply Depot  
  19  1:53  SCV  
  20  2:04  Factory  
  20  2:10  SCV  
  20  2:12  Marine  
  22  2:22  SCV  
  23  2:31  Barracks Reactor  
  23  2:37  SCV  
  24  2:50  SCV  
  25  3:00  Starport  
  25  3:03  SCV  
  25  3:04  Refinery  
  26  3:06  Orbital Command  
  26  3:15  SCV  
  27  3:27  SCV  
  28  3:39  SCV  
  28  3:40  SCV  
  30  3:42  Liberator  
  33  3:51  Barracks Tech Lab  
  33  3:53  Hellion x2  
  33  3:55  SCV x2  
  39  4:02  Engineering Bay  
  39  4:07  SCV x2  
  39  4:09  Barracks  
  41  4:12  Barracks  
  41  4:15  Hellion x2  
  45  4:18  Marine  
  45  4:19  Stimpack  
  46  4:29  Supply Depot x2  
  46  4:34  Terran Infantry Weapons Level 1  
  46  4:36  Missile Turret  
  46  4:50  SCV x2  
  46  4:51  Starport Reactor  
  48  4:55  Widow Mine x2  
  52  5:00  Barracks Tech Lab  
  52  5:03  SCV x2  
  54  5:11  Barracks Reactor  
  54  5:14  Refinery  
  54  5:15  SCV x2  
  56  5:23  Engineering Bay  
  56  5:27  SCV  
  57  5:33  Supply Depot  
  57  5:34  Supply Depot  
  54  5:36  Marine x2  
  54  5:39  Widow Mine x2  
  60  5:48  SCV x2  
  62  5:54  Marine x2  
  62  5:55  Marine x2  
  62  5:57  Supply Depot  
  64  6:00  SCV x2, Widow Mine x2  
  70  6:11  Marine  
  70  6:12  SCV, Marine x2, Marauder  
  70  6:13  SCV  
  70  6:16  Supply Depot  
  77  6:19  Supply Depot  
  77  6:21  Widow Mine x2  
  77  6:25  SCV  
  82  6:29  Marine  
  82  6:30  Marine x2  
  82  6:32  SCV  
  86  6:36  Refinery  
  86  6:37  SCV, Marine  
  88  6:42  Command Center  
  88  6:44  SCV  
  89  6:47  Supply Depot x2  
  89  6:48  Marine, Marauder  
  92  6:55  Terran Infantry Armor Level 1, Marauder  
  92  7:00  Armory  
  94  7:03  Barracks  
  94  7:06  Barracks  
  94  7:08  SCV x2  
  95  7:09  Supply Depot x2, Marauder  
  95  7:11  Marine x2  
  95  7:13  Widow Mine  
  102  7:16  Marine  
  102  7:20  SCV  
  104  7:29  Marine x2  
  106  7:30  Marauder  
  106  7:34  Marine  
  109  7:47  Marine, Widow Mine x2, Medivac  
  109  7:48  Medivac  
  118  7:52  Marauder  
  118  7:53  Marauder  
  118  7:54  Barracks Reactor  
  118  7:55  Barracks Tech Lab  
  122  7:59  Combat Shield  
  122  8:08  Widow Mine  
  124  8:13  Marauder  
  124  8:17  Medivac  
  124  8:18  Medivac  
  104  8:35  Supply Depot, Marine  
  104  8:36  Marine x3  
  104  8:37  Supply Depot, Marauder x2  
  104  8:38  Widow Mine x2  
  114  8:47  Medivac x2  
  118  8:53  Marine x3  
  121  8:58  Supply Depot, Marauder x2  
  121  8:59  Widow Mine  
  121  9:01  Factory  
  127  9:03  Supply Depot  
  127  9:19  Marauder x2  
  127  9:20  Command Center  
  127  9:24  Marine x4  
  131  9:26  Widow Mine x2  
  129  9:41  Marauder x2  
  128  9:48  Marine x3  
  128  9:49  Marine  
  128  9:51  Widow Mine  
  129  9:57  Supply Depot  
  129  10:00  Supply Depot  
  129  10:02  Marauder x2  
  129  10:06  Marine  
  134  10:08  SCV x2  
  134  10:10  SCV  
  137  10:24  Marauder x2  
  139  10:45  Marauder x2  
  143  10:50  SCV x2  
  143  10:52  Orbital Command  
  145  10:58  Marine  
  145  10:59  Marine x3  
  145  11:02  SCV x2  
  151  11:05  Orbital Command  
  151  11:06  Marine, Marauder  
  154  11:24  Marauder  
  156  11:26  Marine x4  
  156  11:28  Marauder, Widow Mine x2  
  172  11:33  Factory Tech Lab  
  170  11:44  Marine x2  
Show
View Real Time Build Order
Export as new Build Order

Default Zerg 

Build Orders: Pool First 

Get SALT Encoding   

  12  0:17  Spawning Pool  
  11  0:22  Drone  
  11  0:28  Drone  
  13  0:31  Drone  
  14  0:36  Extractor  
  14  0:42  Overlord  
  13  0:49  Drone  
  14  1:06  Zergling x4  
  14  1:09  Queen  
  18  1:17  Overlord  
  18  1:26  Drone  
  19  1:41  Drone  
  20  1:55  Extractor  
  20  2:08  Zergling x4  
  21  2:20  Metabolic Boost  
  21  2:23  Drone x3  
  21  2:24  Drone  
  25  2:49  Drone x3  
  28  2:58  Drone, Overlord  
  29  3:04  Drone  
  29  3:05  Overlord  
  30  3:20  Lair  
  30  3:29  Hatchery  
  29  3:45  Hatchery  
  28  4:02  Drone x8  
  36  4:24  Hydralisk Den  
  35  4:36  Drone x2  
  35  4:37  Drone x3  
  40  4:53  Grooved Spines  
  40  4:55  Hydralisk  
  40  4:56  Hydralisk x3  
  48  5:05  Overlord  
  48  5:07  Overlord x2  
  48  5:09  Drone x3  
  51  5:21  Hydralisk x3  
  51  5:37  Hydralisk x4  
  59  5:46  Hydralisk  
  59  5:48  Zergling x2  
  62  6:05  Muscular Augments  
  62  6:10  Drone x3  
  65  6:14  Spore Crawler  
  65  6:16  Spore Crawler  
  65  6:17  Spore Crawler  
  62  6:20  Spore Crawler x2  
  62  6:23  Spore Crawler  
  62  6:25  Drone x4  
  63  6:28  Drone  
  64  6:33  Drone x2  
  66  6:53  Drone x4  
  71  6:54  Drone x3  
  71  6:57  Spine Crawler  
  72  7:09  Extractor  
  72  7:11  Extractor  
  72  7:14  Drone x5  
  75  7:18  Overseer  
  75  7:25  Drone  
  75  7:28  Drone  
  77  7:30  Overseer  
  77  7:40  Spore Crawler  
  77  7:42  Extractor  
  75  7:44  Drone x3  
  75  7:45  Drone x4, Overlord, Extractor  
  81  7:57  Drone  
  52  8:37  Drone x4  
  52  8:38  Drone x3  
  59  8:50  Spine Crawler  
  59  8:54  Spine Crawler  
  57  8:56  Spore Crawler  
  57  8:58  Spine Crawler  
  57  8:59  Spine Crawler  
  54  9:05  Spine Crawler  
  54  9:07  Spore Crawler  
  54  9:08  Spine Crawler, Drone x6, Spore Crawler  
  54  9:09  Drone x2  
  58  9:10  Drone  
  58  9:11  Overseer  
  58  9:12  Spine Crawler, Spore Crawler  
  57  9:27  Hydralisk x3  
  60  10:18  Extractor  
  60  10:19  Extractor  
  60  10:20  Hatchery  
  57  10:22  Extractor  
  57  10:23  Extractor  
  57  10:25  Hatchery  
  57  10:27  Extractor  
  53  10:29  Hatchery  
  53  10:31  Extractor  
  53  10:35  Hydralisk x6  
  54  10:36  Hydralisk x3  
  68  10:58  Drone  
  68  10:59  Drone x5  
  74  11:13  Hydralisk  
  74  11:15  Hydralisk  
  74  11:16  Overlord  
  78  11:22  Drone x3  
  80  11:35  Hydralisk  
  80  11:36  Zergling x2, Hydralisk  
  83  11:45  Zergling x4  
  83  11:46  Zergling x2  
  94  11:54  Drone  
Tags
 
Add a new tag
Caveats
  • Supply blocks, unpowered buildings, or Contaminate may cause inaccurate times.
  • Supply counts are checked every 10 seconds.